Map: Abiogenesis LE

Players

IIIIIIIIIIII - Winner!

  • Race: Zerg Zerg
  • League: Grandmaster
  • Spawn Location: 5:00

FoxeR

  • Race: Terran Terran
  • League: Grandmaster
  • Spawn Location: 11:00

VOD

Have the link to the VOD?

Description

Time

  • Played on: Feb. 6, 2018, 3:47 p.m.
  • Length: 19:16
Show
View Real Time Build Order
Export as new Build Order

IIIIIIIIIIII Zerg - Winner!

Build Orders: Pool First, Swarm Host 

Get SALT Encoding   

  12  0:01  Drone  
  13  0:12  Overlord  
  13  0:17  Drone  
  14  0:30  Drone x2  
  14  0:34  Drone  
  17  0:44  Spawning Pool  
  17  0:49  Drone  
  17  0:56  Drone  
  18  1:12  Hatchery  
  18  1:15  Drone  
  18  1:23  Drone  
  19  1:31  Zergling x2  
  19  1:32  Queen  
  22  1:36  Extractor  
  22  1:39  Overlord  
  21  1:49  Drone  
  23  2:01  Drone  
  23  2:07  Queen  
  25  2:12  Drone  
  26  2:25  Queen, Drone  
  26  2:26  Drone  
  30  2:33  Drone  
  31  2:42  Drone, Hatchery  
  31  2:46  Drone x2  
  33  2:52  Metabolic Boost  
  33  2:55  Drone  
  33  2:58  Drone  
  35  3:00  Drone  
  36  3:07  Overlord  
  35  3:16  Drone  
  36  3:20  Overlord  
  36  3:25  Queen  
  36  3:26  Drone x2  
  40  3:28  Drone x2  
  42  3:45  Drone x3  
  42  3:46  Zergling x4, Drone  
  42  3:47  Zergling x2  
  49  3:50  Lair  
  49  3:57  Drone  
  49  3:58  Drone x2  
  52  4:03  Zergling x2  
  52  4:08  Zergling x4  
  52  4:09  Evolution Chamber  
  54  4:12  Evolution Chamber  
  54  4:13  Drone  
  54  4:15  Extractor  
  54  4:16  Spore Crawler  
  52  4:23  Zergling x10  
  51  4:46  Drone x4  
  51  4:47  Drone x3  
  51  4:50  Spore Crawler  
  51  4:51  Spore Crawler  
  51  4:56  Overseer  
  50  5:05  Queen  
  50  5:06  Drone  
  55  5:07  Drone x6  
  55  5:08  Overlord x3  
  53  5:28  Drone x4  
  54  5:29  Drone x4  
  60  5:40  Drone x4  
  64  5:44  Zerg Missile Weapons Level 1, Zerg Ground Armor Level 1  
  64  5:46  Baneling Nest  
  63  6:06  Zergling x2  
  63  6:07  Zergling x10  
  69  6:14  Infestation Pit, Extractor  
  69  6:15  Extractor  
  69  6:16  Drone, Extractor  
  69  6:17  Drone x6  
  69  6:18  Extractor  
  71  6:26  Drone x3  
  71  6:27  Drone x3  
  77  6:34  Drone x3  
  77  6:35  Drone  
  79  6:42  Drone  
  79  6:43  Drone x3  
  81  6:48  Drone  
  81  6:50  Overlord x2  
  81  6:51  Overlord  
  82  6:59  Overlord x2  
  82  7:00  Overlord x5  
  82  7:13  Hatchery  
  80  7:18  Swarm Host  
  80  7:19  Hydralisk Den, Swarm Host x5  
  97  7:36  Swarm Host  
  97  7:37  Swarm Host x3  
  97  7:42  Drone  
  97  7:43  Drone x6  
  116  7:44  Zerg Missile Weapons Level 2  
  116  7:52  Grooved Spines  
  116  7:54  Extractor  
  114  7:59  Drone x2  
  114  8:00  Drone x2  
  114  8:02  Hydralisk  
  114  8:03  Hydralisk x3  
  125  8:05  Hydralisk  
  123  8:14  Spore Crawler  
  109  8:38  Hydralisk x8  
  109  8:39  Hydralisk x2  
  129  8:46  Spine Crawler x2  
  129  8:48  Spine Crawler, Drone x4  
  121  9:10  Drone x13  
  130  9:19  Muscular Augments, Zerg Ground Armor Level 2  
  127  9:25  Drone x6  
  128  9:40  Extractor  
  128  9:43  Hydralisk x2  
  128  9:44  Hydralisk x4  
  139  9:51  Queen  
  141  10:01  Roach Warren, Drone x3  
  141  10:02  Drone  
  141  10:03  Drone x2  
  132  10:36  Drone x3  
  132  10:37  Queen, Swarm Host, Drone  
  132  10:38  Swarm Host x5  
  132  10:40  Glial Reconstitution  
  156  10:45  Hive  
  156  10:48  Roach x2  
  160  10:51  Roach x2  
  160  10:52  Roach  
  163  11:07  Drone, Hatchery  
  163  11:08  Drone x4  
  166  11:13  Drone x3  
  167  11:20  Overlord x5  
  167  11:41  Extractor  
  167  11:45  Extractor  
  167  11:46  Roach x8  
  181  11:51  Hatchery  
  176  11:58  Hydralisk x5  
  184  12:03  Queen  
  184  12:05  Zerg Missile Weapons Level 3  
  184  12:06  Zerg Ground Armor Level 3  
  186  12:10  Roach x5, Spire  
  195  12:16  Hydralisk x2  
  170  12:46  Hydralisk x10  
  170  12:47  Hydralisk x6  
  188  13:02  Hydralisk x4  
  185  13:27  Greater Spire  
  185  13:28  Hydralisk  
  185  13:29  Hydralisk x3  
  185  13:30  Roach x3  
  189  14:04  Drone x3  
  189  14:05  Drone x3  
  159  14:27  Roach  
  159  14:28  Roach x20  
  199  15:13  Hydralisk x4  
  193  15:14  Hydralisk  
  193  15:16  Corruptor x4  
  193  15:17  Corruptor x2  
  193  15:20  Spine Crawler  
  188  15:22  Spine Crawler  
  161  15:28  Hydralisk  
  161  15:29  Hydralisk x15  
  191  15:36  Drone  
  191  15:37  Drone x8  
  200  16:19  Extractor  
  200  16:20  Extractor  
  200  16:23  Brood Lord  
  200  16:37  Hatchery  
  184  16:40  Zerg Melee Weapons Level 1  
  184  16:43  Ultralisk Cavern  
  184  16:44  Brood Lord x5  
  195  17:08  Drone x4  
  195  17:09  Drone x3  
  174  18:24  Roach x8  
  174  18:25  Roach x12  
  178  18:36  Corruptor  
  178  18:37  Corruptor x8  
  173  19:12  Spine Crawler, Spore Crawler  
  173  19:13  Spine Crawler, Spore Crawler  
  173  19:16  Spore Crawler  
Show
View Real Time Build Order
Export as new Build Order

FoxeR Terran 

Build Orders: Hellion Banshee 

Get SALT Encoding   

  12  0:00  SCV  
  13  0:12  SCV  
  14  0:17  Supply Depot  
  14  0:24  SCV  
  15  0:28  Refinery  
  15  0:39  SCV  
  16  0:47  Barracks  
  16  0:51  SCV  
  17  1:03  SCV  
  18  1:17  SCV  
  20  1:34  Reaper, Orbital Command  
  20  1:48  Command Center  
  19  1:59  Factory  
  20  2:01  SCV  
  20  2:07  Barracks Reactor  
  20  2:13  SCV  
  21  2:19  Refinery  
  21  2:21  Supply Depot  
  21  2:25  SCV  
  22  2:37  SCV  
  23  2:47  Starport  
  23  2:49  SCV  
  24  2:52  Hellion  
  24  2:53  Hellion  
  24  2:55  Barracks Tech Lab  
  28  3:06  Orbital Command  
  28  3:09  SCV  
  29  3:14  Hellion  
  29  3:18  Hellion  
  33  3:23  SCV  
  34  3:32  Banshee  
  37  3:34  Cloaking Field  
  37  3:38  SCV  
  37  3:39  SCV  
  39  3:44  Supply Depot  
  39  3:51  Hellion, SCV  
  42  3:56  SCV  
  42  3:57  Hellion  
  45  4:03  SCV  
  45  4:08  SCV  
  47  4:12  Supply Depot  
  47  4:15  SCV  
  48  4:23  SCV  
  49  4:25  Hellion x2  
  49  4:28  SCV  
  54  4:38  SCV  
  52  4:44  Command Center  
  52  4:45  SCV  
  45  4:53  SCV  
  45  4:54  Barracks Reactor, Hellion x2  
  45  4:57  SCV  
  45  4:59  Supply Depot  
  49  5:05  SCV  
  49  5:06  Banshee  
  53  5:09  SCV  
  54  5:17  SCV  
  54  5:20  Hellion x2  
  59  5:21  SCV  
  59  5:22  Refinery x2  
  60  5:29  SCV  
  60  5:33  SCV  
  62  5:41  Armory x2, SCV  
  63  5:45  SCV  
  63  5:47  Barracks Tech Lab  
  63  5:49  Factory  
  64  5:51  Factory  
  64  5:53  SCV  
  64  5:54  Hellion x2  
  69  5:57  Starport Tech Lab, SCV  
  69  5:58  Orbital Command  
  67  6:06  SCV  
  67  6:08  Factory  
  67  6:09  SCV  
  69  6:15  Hellion  
  69  6:18  SCV  
  72  6:22  SCV  
  72  6:23  Orbital Command  
  73  6:29  Terran Vehicle Weapons Level 1, Terran Vehicle And Ship Armor Level 1  
  73  6:30  SCV  
  74  6:35  Supply Depot, Medivac x2, Engineering Bay  
  74  6:37  SCV  
  79  6:40  Supply Depot x2  
  69  6:48  Thor  
  69  6:53  SCV  
  69  6:54  SCV x2  
  76  6:55  Thor  
  76  6:58  Hellion  
  76  6:59  Hellion  
  86  7:06  SCV  
  86  7:08  SCV  
  88  7:14  Refinery  
  85  7:17  SCV  
  85  7:18  SCV  
  85  7:19  Refinery, Hellion  
  85  7:20  Viking  
  85  7:21  SCV, Viking  
  94  7:29  Supply Depot, SCV  
  95  7:30  SCV  
  95  7:33  SCV, Thor  
  103  7:38  Infernal Pre-Igniter  
  103  7:42  SCV  
  104  7:44  SCV  
  104  7:46  SCV  
  104  7:48  Hellion  
  104  7:51  Hellion  
  110  7:54  SCV  
  110  7:56  SCV  
  112  7:58  SCV  
  112  8:03  Supply Depot  
  113  8:05  Supply Depot  
  113  8:06  SCV  
  113  8:09  Viking  
  113  8:10  SCV  
  117  8:14  Supply Depot  
  117  8:15  Supply Depot  
  117  8:21  SCV x2  
  117  8:23  SCV  
  117  8:24  Thor  
  117  8:25  Viking  
  125  8:28  Thor  
  125  8:29  Hellion  
  133  8:36  Hellion, SCV  
  133  8:37  SCV  
  133  8:39  Terran Vehicle Weapons Level 2  
  137  8:41  Command Center  
  137  8:44  Hellion x4  
  129  8:58  SCV  
  128  9:07  Thor  
  128  9:08  Hellion  
  129  9:11  Hellion, Thor  
  129  9:15  Factory  
  132  9:17  Supply Depot, Factory, Viking x2  
  136  9:29  Hellion  
  138  9:37  Hellion  
  130  9:46  Supply Depot  
  130  9:49  Supply Depot  
  130  9:50  Hellion, Thor  
  138  9:53  Thor  
  138  9:59  Command Center, Hellion  
  146  10:06  Factory Tech Lab  
  149  10:12  Refinery  
  144  10:14  Refinery  
  140  10:24  Thor  
  140  10:25  Hellion x3  
  136  10:31  SCV  
  136  10:33  Thor  
  144  10:35  SCV  
  144  10:37  Hellion, SCV  
  147  10:45  SCV  
  147  10:46  Sensor Tower, Hellion  
  150  10:53  Hellion, Thor  
  158  10:58  Siege Tank  
  158  11:03  Sensor Tower  
  161  11:06  Terran Vehicle And Ship Armor Level 2  
  157  11:16  Terran Vehicle Weapons Level 3  
  151  11:25  Missile Turret x2  
  151  11:26  Missile Turret  
  151  11:29  Hellion x2  
  151  11:30  Hellion  
  154  11:40  Orbital Command  
  153  11:51  Supply Depot x2  
  136  11:54  Viking x2  
  136  11:56  Hellion x3  
  136  11:58  SCV  
  145  12:08  Refinery  
  145  12:09  Sensor Tower  
  145  12:10  Hellion  
  145  12:13  Planetary Fortress  
  147  12:23  Hellion x3  
  147  12:24  Hellion  
  155  12:32  Missile Turret, Hellion x2  
  132  12:44  Thor  
  132  12:45  Hellion x3  
  96  12:53  Thor  
  96  12:54  Hellion  
  103  13:06  Hellion  
  103  13:07  Hellion  
  103  13:08  Thor  
  113  13:14  Thor  
  111  13:27  Hellion  
  111  13:28  Hellion, Viking x2  
  119  13:36  Thor  
  119  13:40  Hellion  
  127  13:44  Missile Turret x2  
  127  13:45  Missile Turret x2  
  127  13:48  Thor  
  127  13:51  Thor, Orbital Command  
  136  14:00  Thor  
  141  14:06  Thor x5  
  132  14:19  Thor  
  132  14:20  Refinery  
  132  14:22  Hellion x2  
  138  14:25  SCV x2  
  138  14:32  Hellion  
  138  14:34  Hellion  
  142  14:39  Missile Turret  
  142  14:40  Missile Turret x3  
  142  14:43  Hellion x2  
  138  14:54  Terran Vehicle And Ship Armor Level 3  
  138  15:01  Sensor Tower, Hellion x2  
  138  15:02  Hellion x2  
  146  15:11  SCV x2  
  146  15:12  SCV x2  
  101  15:23  SCV  
  101  15:24  SCV x3  
  92  15:36  SCV x3  
  95  15:43  Command Center, Hellion  
  95  15:46  Hellion  
  99  15:53  Hellion x4  
  97  16:07  Viking x2  
  97  16:09  Hellion x3  
  106  16:22  Thor  
  112  16:27  Missile Turret  
  112  16:31  Hellion  
  110  16:42  Thor  
  110  16:54  Thor  
  110  16:57  Thor  
  122  17:02  Missile Turret  
  122  17:18  Sensor Tower, Thor  
  122  17:19  Refinery x2  
  127  17:36  Thor  
  129  17:37  Thor  
  134  17:51  Thor  
  130  17:57  SCV x2  
  120  18:01  SCV  
  114  18:08  SCV  
  105  18:13  SCV  
  105  18:16  SCV  
  94  18:33  SCV  
  67  18:44  SCV  
  67  18:45  SCV x2  
  56  18:56  SCV  
  56  18:57  SCV x2  
Tags
 
Add a new tag
Caveats
  • Supply blocks, unpowered buildings, or Contaminate may cause inaccurate times.
  • Supply counts are checked every 10 seconds.